Map: Orbital Shipyard

Players

yOuNg

  • Race: Terran Terran
  • League: Master

State - Winner!

  • Race: Protoss Protoss
  • League: Grandmaster

VOD

Have the link to the VOD?

Description

Time

  • Played on: Jan. 26, 2016, 2:21 p.m.
  • Length: 7:23
Show
View Real Time Build Order
Export as new Build Order

yOuNg Terran 

Build Orders:  

Get SALT Encoding   

  12  0:01  SCV  
  13  0:13  SCV  
  14  0:18  Supply Depot  
  14  0:25  SCV  
  15  0:39  SCV  
  15  0:41  Barracks  
  16  0:46  Refinery  
  16  0:52  SCV  
  17  1:04  SCV  
  18  1:16  SCV  
  19  1:31  Orbital Command  
  20  1:53  Command Center  
  19  1:56  Supply Depot  
  19  1:57  Barracks Reactor  
  19  1:59  SCV  
  20  2:09  Factory  
  20  2:14  SCV  
  21  2:26  SCV  
  22  2:34  Marine x2  
  24  2:38  SCV  
  25  2:47  Command Center  
  25  2:52  Marine x2  
  25  2:55  Factory Tech Lab  
  27  3:04  SCV  
  27  3:05  Refinery  
  28  3:09  Orbital Command  
  28  3:12  Marine  
  29  3:14  Marine  
  29  3:17  SCV  
  30  3:29  Marine  
  30  3:32  Marine  
  29  3:39  Siege Tank  
  31  3:45  Supply Depot  
  31  3:47  Supply Depot  
  31  3:50  Marine  
  31  3:52  SCV x2  
  33  4:08  Marine  
  33  4:09  Orbital Command  
  32  4:11  Cyclone  
  32  4:26  Marine  
  23  4:43  Marine  
  24  4:48  Engineering Bay  
  23  4:56  Cyclone  
  23  5:01  Marine  
  22  5:08  SCV  
  22  5:09  SCV  
  22  5:10  Engineering Bay  
  24  5:15  SCV  
  24  5:19  Marine  
  26  5:22  SCV  
  26  5:26  SCV  
  24  5:37  Marine  
  23  5:44  SCV x2, Missile Turret  
  23  5:45  Missile Turret  
  23  5:48  Barracks  
  23  5:49  Barracks  
  25  5:55  Marine  
  25  5:56  SCV x2  
  28  6:05  SCV  
  28  6:08  SCV x2  
  31  6:12  Cyclone  
  34  6:20  SCV  
  34  6:23  Barracks Reactor  
  35  6:25  Supply Depot  
  35  6:28  SCV  
  35  6:32  SCV  
  37  6:33  SCV  
  37  6:38  Marine  
  40  6:40  SCV  
  40  6:42  Barracks Tech Lab  
  40  6:44  SCV  
  40  6:45  Refinery  
  40  6:46  Supply Depot  
  41  6:52  SCV  
  41  6:58  SCV  
  37  7:03  Marine  
  37  7:04  Marine  
  37  7:07  SCV  
  37  7:10  SCV  
  37  7:11  Refinery  
Show
View Real Time Build Order
Export as new Build Order

State Protoss - Winner!

Build Orders: 1 Gate Expand, Oracle Opening 

Get SALT Encoding   

  12  0:00  Probe (Chrono Boost)  
  13  0:11  Probe (Chrono Boost)  
  14  0:17  Pylon  
  14  0:22  Probe (Chrono Boost)  
  16  0:35  Probe (Chrono Boost)  
  16  0:36  Gateway  
  16  0:46  Probe (Chrono Boost)  
  16  0:48  Assimilator  
  17  0:56  Probe (Chrono Boost)  
  18  1:07  Probe (Chrono Boost)  
  19  1:17  Probe (Chrono Boost)  
  20  1:25  Nexus  
  20  1:31  Probe (Chrono Boost)  
  21  1:34  Pylon  
  21  1:45  Cybernetics Core  
  21  1:48  Probe (Chrono Boost)  
  22  1:54  Assimilator  
  22  1:55  Pylon  
  22  1:59  Probe (Chrono Boost)  
  23  2:21  Adept (Chrono Boost)  
  23  2:22  Mothership Core (Chrono Boost), Warp Gate  
  27  2:30  Pylon  
  27  2:37  Probe (Chrono Boost)  
  27  2:40  Probe (Chrono Boost)  
  29  2:46  Probe (Chrono Boost)  
  29  2:48  Adept (Chrono Boost)  
  29  2:51  Probe  
  33  2:53  Stargate  
  33  2:57  Probe  
  33  3:05  Probe  
  35  3:07  Probe  
  36  3:15  Adept (Chrono Boost)  
  36  3:17  Probe  
  39  3:20  Pylon  
  39  3:21  Pylon  
  39  3:24  Probe, Pylon  
  37  3:41  Probe  
  37  3:42  Probe  
  37  3:43  Oracle (Chrono Boost)  
  42  3:52  Probe  
  42  3:54  Probe  
  44  4:02  Probe  
  44  4:06  Probe  
  46  4:13  Probe  
  46  4:15  Oracle (Chrono Boost)  
  48  4:19  Probe  
  48  4:20  Adept  
  48  4:22  Assimilator  
  48  4:23  Probe  
  51  4:27  Assimilator  
  51  4:31  Probe  
  53  4:34  Probe  
  53  4:36  Nexus  
  54  4:39  Pylon  
  54  4:43  Probe  
  54  4:44  Probe  
  55  4:46  Oracle (Chrono Boost)  
  57  4:55  Probe  
  56  5:01  Probe  
  57  5:07  Gateway x2, Probe  
  57  5:08  Twilight Council  
  58  5:14  Pylon  
  58  5:15  Probe  
  58  5:17  Oracle (Chrono Boost)  
  58  5:19  Probe  
  63  5:26  Probe  
  64  5:31  Probe  
  62  5:36  Probe  
  61  5:43  Probe  
  61  5:46  Probe  
  61  5:47  Probe  
  61  5:48  Oracle (Chrono Boost)  
  67  5:52  Gateway  
  67  5:55  Gateway, Probe  
  68  5:57  Probe, Gateway  
  68  5:58  Probe  
  68  6:00  Gateway  
  70  6:06  Assimilator  
  70  6:07  Probe x2  
  70  6:08  Probe  
  72  6:18  Probe  
  72  6:19  Probe, Oracle (Chrono Boost)  
  72  6:20  Probe  
  72  6:21  Assimilator  
  78  6:27  Assimilator  
  78  6:28  Probe  
  78  6:29  Probe  
  78  6:32  Probe  
  81  6:34  Pylon  
  81  6:36  Pylon  
  81  6:39  Pylon  
  81  6:41  Stalker x3  
  81  6:43  Probe  
  81  6:45  Gateway  
  81  6:46  Forge  
  88  6:47  Forge  
  88  6:50  Oracle (Chrono Boost)  
  91  7:03  Probe x2  
  91  7:05  Probe  
  94  7:09  Stalker  
  94  7:10  Stalker x2  
  100  7:16  Pylon x2  
  100  7:18  Pylon  
Tags
 
Add a new tag
Caveats
  • Supply blocks, unpowered buildings, or Contaminate may cause inaccurate times.
  • Supply counts are checked every 10 seconds.